 Dungeon Crawl Stone Soup version 0.22.1-2-g9c5b331383 (webtiles) character file.

347 Peloso the Shield-Bearer (level 6, -2/56 HPs)
             Began as a Minotaur Fighter on Dec 24, 2018.
             Killed from afar by an orc wizard (4 damage)
             ... with a magic dart
             ... on level 3 of the Dungeon.
             The game lasted 00:03:45 (1518 turns).

Peloso the Shield-Bearer (Minotaur Fighter)         Turns: 1518, Time: 00:03:46

Health: -2/56      AC:  9    Str: 21    XL:     6   Next: 32%
Magic:  5/5        EV:  6    Int:  5    God:
Gold:   99         SH: 10    Dex: 11    Spells: 5/5 levels left

rFire    . . .     SeeInvis .   a - +0 scimitar (flame)
rCold    . . .     Gourm    .   c - +0 shield
rNeg     . . .     Faith    .   j - +0 chain mail
rPois    .         Spirit   .   (helmet restricted)
rElec    .         Reflect  .   (no cloak)
rCorr    .         Harm     .   (no gloves)
MR       .....                  (no boots)
Stlth    ..........             (no amulet)
HPRegen  0.18/turn              q - ring of attention (curse)
MPRegen  0.09/turn              (no ring)

@: flying
A: retaliatory headbutt, horns 2
a: no special abilities


You were on level 3 of the Dungeon.
You were not hungry.

You visited 1 branch of the dungeon, and saw 3 of its levels.

You collected 99 gold pieces.

Inventory:

Hand Weapons
 a - a +0 scimitar of flaming (weapon)
Armour
 b - a +0 scale mail
 c - a +0 shield (worn)
 j - a +0 chain mail (worn)
Jewellery
 q - a cursed ring of attention (left hand)
Wands
 r - a wand of random effects (28)
Scrolls
 e - a scroll of enchant armour {unknown}
 g - a scroll of blinking {unknown}
 h - a scroll of magic mapping {unknown}
 k - 2 scrolls of fear {unknown}
 l - a scroll of amnesia {unknown}
 m - 3 scrolls of remove curse {unknown}
 o - a scroll of random uselessness {unknown}
 p - a scroll of teleportation {unknown}
 s - 2 scrolls of identify {unknown}
 t - a scroll of noise {unknown}
Potions
 d - a potion of might
 i - a potion of magic
Comestibles
 f - 8 rations


   Skills:
 + Level 5.1 Fighting
 + Level 4.6 Long Blades
 + Level 5.2 Armour
 + Level 0.1 Dodging
 + Level 0.1 Stealth
 + Level 5.4 Shields


You had 5 spell levels left.
You didn't know any spells.
Your spell library was empty.

Dungeon Overview and Level Annotations

Branches:
Dungeon (3/15)

Altars:


Innate Abilities, Weirdness & Mutations

You reflexively headbutt those who attack you in melee.
You have a pair of horns on your head.


Message History

Your Fighting skill increases to level 5!
The orc hits you with a dagger.
* * * LOW HITPOINT WARNING * * *
Something hits you but does no damage.
Unknown command.
You hit the orc. You burn the orc.
The orc is severely wounded.
The orc hits you with a dagger.
* * * LOW HITPOINT WARNING * * *
Something hits you but does no damage. You block the orc's attack.
Unknown command.
Your chain mail prevents you from hitting the orc.
You headbutt the orc.
You kill the orc!
Something hits you but does no damage.
Unknown command.
You hear some strange, mumbled words.
A magic dart appears from out of thin air!
The magic dart hits you!
You die...

############
#..........########
+.......)@.'.......
##...)..)...########
#......#####....#
#......# #....#
#....o.#
#....########
+......+
+....'.......
#....o.#
#....########
#......#
#....###########
#......#
#....##.P...P.P(


There were no monsters in sight!

Vanquished Creatures
  2 jellies (D:3)
  An orc priest (D:3)
  Jessica (D:2)
  Natasha (D:2)
  Robin (D:2)
  A gnoll (D:1)
  5 adders (D:2)
  11 oozes
  A worm (D:2)
  2 dart slugs
  3 leopard geckos
  4 orcs (D:3)
  A giant cockroach (D:2)
  14 goblins
  5 hobgoblins
  6 jackals
  11 kobolds
  A quokka (D:2)
  4 ball pythons
  5 bats
  5 frilled lizards
  3 rats
88 creatures vanquished.

Vanquished Creatures (others)
  2 fungi (D:3)
  6 toadstools (D:3)
8 creatures vanquished.

Grand Total: 96 creatures vanquished

Notes
Turn   | Place    | Note
-------+----------+-------------------------------------------
     0 | D:1      | Peloso the Minotaur Fighter began the quest for the Orb.
     0 | D:1      | Reached XP level 1. HP: 19/19 MP: 0/0
    94 | D:1      | Reached XP level 2. HP: 9/27 MP: 1/1
   298 | D:1      | Reached XP level 3. HP: 33/33 MP: 2/2
   586 | D:2      | Noticed Natasha
   592 | D:2      | Killed Natasha
   619 | D:2      | Noticed Robin
   621 | D:2      | Reached XP level 4. HP: 29/40 MP: 3/3
   655 | D:2      | Killed Robin
   732 | D:2      | Reached skill level 5 in Armour
   801 | D:2      | Noticed Jessica
   816 | D:2      | Killed Jessica
   816 | D:2      | Reached XP level 5. HP: 31/47 MP: 4/4
   987 | D:2      | Found a faded altar of an unknown god.
  1388 | D:3      | Reached skill level 5 in Shields
  1390 | D:3      | Reached XP level 6. HP: 46/55 MP: 5/5
  1515 | D:3      | Reached skill level 5 in Fighting
  1516 | D:3      | HP: 2/56 [orc/dagger (2)]
  1518 | D:3      | Killed from afar by an orc wizard

Skill      XL: |  1  2  3  4  5  6 |
---------------+-------------------+-----
Armour         | 4 5 |  5.2
Shields        | 4 5 |  5.4
Fighting       | 4 5 |  5.1
Long Blades    | 3 4 |  4.6
Dodging        | |  0.1
Stealth        | |  0.1

Action                   |  1- 3 |  4- 6 || total
-------------------------+-------+-------++-------
Melee: Long sword        |    45 |   146 ||   191
       Headbutt          |     9 |    27 ||    36
       Scimitar          |       |     9 ||     9
  Use: Potion            |       |     2 ||     2
  Eat: Chunk             |       |     2 ||     2
Armor: Scale mail        |     6 |       ||     6
       Chain mail        |    11 |    89 ||   100
Dodge: Dodged            |    15 |    45 ||    60
Block: Shield            |    13 |    88 ||   101
       Rpst.: Long sword |     4 |     7 ||    11
